 Dungeon Crawl Stone Soup version 0.25-a0-299-gced51cc (webtiles) character file.

Game seed: 833302087821613074, levelgen mode: deterministic

34 15 the Conjurer (level 3, -5/20 HPs)
             Began as a Tengu Conjurer on Dec 19, 2019.
             Killed by divine providence
             ... invoked by an orc priest
              (10 damage)
             ... on level 3 of the Dungeon.
             The game lasted 00:06:05 (1190 turns).

15 the Conjurer (Tengu Conjurer)                    Turns: 1190, Time: 00:06:08

Health: -5/20      AC:  4    Str: 14    XL:     3   Next: 31%
Magic:  0/7        EV: 13    Int: 15    God:
Gold:   78         SH:  0    Dex: 14    Spells: 0/6 levels left

rFire    . . .     SeeInvis .   f - +2 dagger (flame)
rCold    . . .     Gourm    .   (no shield)
rNeg     . . .     Faith    .   a - +0 robe
rPois    .         Spirit   .   (helmet restricted)
rElec    .         Reflect  .   r - +1 cloak
rCorr    .         Harm     .   (no gloves)
MR       +....                  (boots unavailable)
Stlth    ++........             (no amulet)
HPRegen  0.06/turn              m - ring of protection from magic
MPRegen  0.10/turn              (no ring)

@: mighty, lethally poisoned (-5 -> -21), about to teleport
A: beak, talons 3
a: no special abilities


You were on level 3 of the Dungeon.
You were not hungry.

You visited 1 branch of the dungeon, and saw 3 of its levels.

You collected 78 gold pieces.

Inventory:

Hand Weapons
 d - a +0 club
 f - a +2 dagger of flaming (weapon)
 q - a +0 spear
Missiles
 j - 87 stones (quivered)
Armour
 a - a +0 robe (worn)
 r - a +1 cloak (worn)
Jewellery
 m - a ring of protection from magic (left hand)
Scrolls
 b - a scroll of enchant armour {unknown}
 g - a scroll of random uselessness {unknown}
 h - a scroll of amnesia {unknown}
 i - a scroll of enchant weapon
 l - 2 scrolls of teleportation
 o - a scroll of remove curse {unknown}
 p - a scroll of immolation {unknown}
Potions
 k - a potion of curing {unknown}
Comestibles
 c - 6 rations
 n - 4 chunks of flesh


   Skills:
 * Level 1.0 Fighting
 * Level 1.0 Armour
 * Level 2.4 Dodging
 + Level 2.0 Stealth
 + Level 2.0 Spellcasting
 + Level 6.1 Conjurations


You couldn't memorise any spells.
You knew the following spells:

 Your Spells              Type           Power        Failure   Level  Hunger
a - Magic Dart            Conj           ###.         1%          1    #......
b - Searing Ray           Conj           ###...       2%          2    ###....
c - Dazzling Flash        Conj/Hex       ##....       19%         3    ###....

Your spell library contained the following spells:

 Spells                   Type           Power        Failure   Level  Hunger
 Fulminant Prism          Conj/Hex       ##........   54%         4    #####..
 Iskenderun's Mystic Bla  Conj/Tloc      ##......     54%         4    #####..


Dungeon Overview and Level Annotations

Branches:
Dungeon (2/15)

Altars:


Innate Abilities, Weirdness & Mutations

You have a beak for a mouth.
You have claws for feet.


Message History

The orc is dazzled. x3
The orc priest shouts!
You feel sick.
The orc hits you with a +3 dagger of venom.
Unknown command.
You hit the orc but do no damage.
The orc priest calls down the wrath of Beogh upon you.
Beogh smites you!
Ouch! That really hurt!
* * * LOW HITPOINT WARNING * * *
The orc closely misses you. The orc hits you but does no damage.
You are lethally poisoned!
It was a potion of might.
You feel very mighty all of a sudden.
* * * LOW HITPOINT WARNING * * *
You feel sick.
The orc priest mumbles some strange prayers to Beogh against you.
Beogh smites you!
Ouch! That really hurt!
You die...

###########
#..........
#..........
#...o...o..
#..........
#....>.>..%
#..@o......
#...o...>..
#########..


You could see an orc priest and 3 orcs.

Vanquished Creatures
  An adder (D:2)
  An ooze (D:2)
  A dart slug (D:2)
  2 bats (D:2)
  A giant cockroach (D:1)
  3 goblins
  4 hobgoblins
  3 frilled lizards
  2 kobolds (D:1)
  A rat (D:1)
19 creatures vanquished.

Notes
Turn   | Place    | Note
-------+----------+-------------------------------------------
     0 | D:1      | 15 the Tengu Conjurer began the quest for the Orb.
     0 | D:1      | Reached XP level 1. HP: 10/10 MP: 4/4
   194 | D:1      | Reached XP level 2. HP: 15/15 MP: 3/6
   206 | D:1      | Learned a level 2 spell: Searing Ray
  1008 | D:2      | Reached skill level 1 in Fighting
  1028 | D:2      | Reached skill level 6 in Conjurations
  1028 | D:2      | Reached XP level 3. HP: 20/20 MP: 3/7
  1037 | D:2      | Learned a level 3 spell: Dazzling Flash
  1161 | D:2      | Reached skill level 1 in Armour
  1186 | D:2      | You fall into a shaft and drop 1 floor!
  1190 | D:3      | Killed from afar by an orc priest

Levels and vault maps discovered:
D:1:      dpeg_arrival_houses_and_road, layout_basic
D:2:      minmay_diamond_boxcup, layout_basic, uniq_terence, uniq_natasha,
          uniq_sigmund
D:3:      layout_rooms, nicolae_ru_awakened_eye

Skill      XL: |  1  2  3 |
---------------+----------+-----
Fighting       | 1 |  1.0
Conjurations   | 6 |  6.1
Armour         | 1 |  1.0
Dodging        | |  2.4
Stealth        | |  2.0
Spellcasting   | |  2.0

Action                   || total
-------------------------++-------
Melee: Club              ||     6
       Kick              ||     4
       Short sword       ||     4
       Dagger            ||     4
 Cast: Magic Dart        ||    17
       Searing Ray       ||     6
       Dazzling Flash    ||     2
  Use: Scroll            ||     5
       Potion            ||     1
 Stab: Sleeping          ||     1
  Eat: Chunk             ||     2
Armor: Robe              ||     6
Dodge: Dodged            ||    14

Table legend:
 A = Non-vault XP
 B = Vault XP
 C = Vault XP percentage of total XP
 D = Non-vault monster count
 E = Vault monster count
 F = Vault count percentage of total count
                 A         B        C        D         E       F
            +---------+---------+-------+---------+---------+-------
      Total |      44 |       5 |  10.2 |      16 |       3 |  15.8
            +---------+---------+-------+---------+---------+-------
        D:1 |      16 |       0 |   0.0 |      10 |       0 |   0.0
        D:2 |      28 |       5 |  15.2 |       6 |       3 |  33.3
            +---------+---------+-------+---------+---------+-------
